 Dungeon Crawl Stone Soup version 0.27-a0-1220-g54dba09ff7 (webtiles) character file.

Game seed: 7707323147807254059

641256 Johnny the Archmage (level 27, 0/162 HPs)
             Began as a Deep Elf Earth Elementalist on June 6, 2021.
             Was the Champion of Dithmenos.
             Succumbed to a green draconian's poison gas
             ... on level 1 of the Realm of Zot on June 7, 2021.
             The game lasted 02:19:25 (83825 turns).

Johnny the Archmage (Deep Elf Earth Elementalist)  Turns: 83825, Time: 02:19:26

Health: 0/162      AC: 23    Str:  8    XL:     27
Magic:  6/56       EV: 16    Int: 34    God:    Dithmenos [******]
Gold:   3931       SH: 18    Dex: 13    Spells: 30/80 levels left

rFire    + . .     SeeInvis .   u - staff of earth
rCold    + . .     Faith    .   U - +4 kite shield {AC+3}
rNeg     + + +     Spirit   .   N - +2 robe {Archmagi}
rPois    .         Reflect  .   k - +2 helmet of the Solstice {rC+ rCorr}
rElec    .         Harm     .   h - +2 cloak {rCorr}
rCorr    +         Rampage  +   e - +2 pair of gloves {Str+3}
Will     +++..     Rnd*Rage +   O - +2 pair of boots {rampage} Stlth **++++++++
                                D - amulet of the Death Scarab {RegenMP rF+ rN+}
HPRegen  0.37/turn              J - ring "Souneun" {rN+ AC+4}
MPRegen  0.60/turn              b - ring "Pagegges" {rN+ Will+ EV+4}

@: lethally poisoned (0 -> -55), wreathed by umbra, studying 2 skills
A: fangs 1, berserk 1, clumsy 1, frail 1, evolution 1
}: 4/15 runes: decaying, serpentine, slimy, silver
a: Renounce Religion, Shadow Step, Shadow Form


You were on level 1 of the Realm of Zot.
You worshipped Dithmenos.
Dithmenos was exalted by your worship.
You visited 11 branches of the dungeon, and saw 51 of its levels.
You visited 1 bazaar.
You also visited: Trove, Bailey, Ice Cave and Desolation.

You collected 9039 gold pieces.
You spent 5108 gold pieces at shops.

Inventory:

Missiles
 d - 7 boomerangs of dispersal
 M - 910 stones
Armour
 e - a +2 pair of gloves of strength (worn)
 h - a +2 cloak of preservation (worn)
 k - the +2 helmet of the Solstice (worn) {rC+ rCorr}
   (You bought it in a shop on level 2 of the Vaults)

   It protects you from cold.
   It protects you from acid and corrosion.
 v - the +18 shield of the Gong {rElec rN+ Will+ EV-5}
   (You took it off a vault sentinel on level 5 of the Vaults)

   It affects your evasion (-5).
   It insulates you from electricity.
   It protects you from negative energy.
   It increases your willpower.
 N - a +2 robe of the Archmagi (worn)
 O - a +2 pair of boots of rampaging (worn)
 U - a +4 kite shield of protection (worn)
Magical Staves
 u - a staff of earth (weapon)
Jewellery
 b - the ring "Pagegges" (right hand) {rN+ Will+ EV+4}
   (You bought it in a shop on level 1 of the Elven Halls)

   [ring of evasion]

   It affects your evasion (+4).
   It protects you from negative energy.
   It increases your willpower.
 l - the ring "Bepohack" {rElec rN+ rCorr MP-9}
   (You found it on level 5 of the Pits of Slime)

   [ring of positive energy]

   It insulates you from electricity.
   It protects you from negative energy.
   It affects your magic capacity (-9).
   It protects you from acid and corrosion.
 D - the amulet of the Death Scarab (around neck) {RegenMP rF+ rN+}
   (You found it on level 5 of the Pits of Slime)

   [amulet of magic regeneration]

   It increases your rate of magic regeneration.
   It protects you from fire.
   It protects you from negative energy.
 J - the ring "Souneun" (left hand) {rN+ AC+4}
   (You took it off an ironbound preserver on level 5 of the Vaults)

   [ring of protection]

   It affects your AC (+4).
   It protects you from negative energy.
 K - a +6 ring of intelligence
 P - a ring of magical power
 R - the ring of the Establishment {rPois Stlth+}
   (You took it off a ragged hierophant in the Desolation of Salt)

   [ring of poison resistance]

   It protects you from poison.
   It makes you more stealthy.
Wands
 z - a wand of acid (16)
 X - a wand of digging (19)
Scrolls
 c - 21 scrolls of teleportation
 g - 49 scrolls of identify
 i - 8 scrolls of vulnerability
 o - 4 scrolls of blinking
 p - a scroll of summoning
 t - 10 scrolls of immolation
 w - 9 scrolls of holy word
 y - 5 scrolls of noise
 B - 16 scrolls of fog
 V - 2 scrolls of fear
 W - 9 scrolls of magic mapping
Potions
 a - 11 potions of brilliance
 j - 14 potions of flight
 m - 8 potions of mutation
 n - 8 potions of lignification
 q - 8 potions of haste
 s - 8 potions of ambrosia
 C - 2 potions of heal wounds
 F - 8 potions of attraction
 H - 10 potions of might
 I - 7 potions of resistance
 L - 5 potions of berserk rage
 Q - 3 potions of cancellation
 S - a potion of invisibility
 T - 2 potions of magic
 Z - a potion of curing
Miscellaneous
 f - a box of beasts
 r - a piece from Xom's chessboard (13/15)
 x - a tin of tremorstones (2/2)
 A - a condenser vane
 E - a phantom mirror
 Y - a lightning rod (3/4)


   Skills:
 * Level 20.8 Fighting
 - Level 2.4 Dodging
 + Level 15.9 Stealth
 + Level 18.1 Shields
 O Level 27 Spellcasting
 + Level 3.9 Conjurations
 - Level 1.1 Transmutations
 - Level 22.7 Earth Magic
 + Level 15.1 Invocations


You had 30 spell levels left.
You knew the following spells:

 Your Spells              Type           Power      Damage    Failure   Level
a - Sandblast             Erth           100%       2d20      0%          1
b - Stone Arrow           Conj/Erth      100%       3d13      0%          3
c - Lee's Rapid Deconstr  Erth           83%        3d38*     0%          5
d - Petrify               Tmut/Erth      100%       N/A       1%          4
e - Borgnjor's Vile Clut  Necr/Erth      67%        N/A       1%          5
f - Iron Shot             Conj/Erth      70%        9d13      1%          6
g - Shatter               Erth           83%        3d60*     4%          9
h - Blink                 Tloc           N/A        N/A       1%          2
i - Sublimation of Blood  Necr           31%        N/A       1%          2
j - Bolt of Magma         Conj/Fire/Erth 63%        4d25      1%          5
k - Lehudib's Crystal Sp  Conj/Erth      70%        10d16     13%         8

Your spell library contained the following spells:

 Spells                   Type           Power      Damage    Failure   Level
 Passwall                 Tmut/Erth      100%       N/A       0%          2
 Animate Skeleton         Necr           100%       N/A       1%          1
 Apportation              Tloc           100%       N/A       1%          1
 Beastly Appendage        Tmut           100%       N/A       1%          1
 Corona                   Hex            68%        N/A       1%          1
 Foxfire                  Conj/Fire      100%       2x1d9     1%          1
 Freeze                   Ice            100%       1d11      1%          1
 Magic Dart               Conj           100%       1d8       1%          1
 Pain                     Necr           100%       1d9       1%          1
 Shock                    Conj/Air       100%       1d9       1%          1
 Sting                    Tmut/Pois      100%       1d8       1%          1
 Summon Small Mammal      Summ           100%       N/A       1%          1
 Call Imp                 Summ           62%        N/A       1%          2
 Corpse Rot               Necr/Air       N/A        N/A       1%          2
 Ensorcelled Hibernation  Hex/Ice        100%       N/A       1%          2
 Poisonous Vapours        Pois/Air       100%       N/A       1%          2
 Searing Ray              Conj           100%       3d7       1%          2
 Slow                     Hex            62%        N/A       1%          2
 Static Discharge         Conj/Air       73%        N/A       1%          2
 Wereblood                Tmut           68%        N/A       1%          2
 Call Canine Familiar     Summ           62%        N/A       1%          3
 Confusing Touch          Hex            62%        N/A       1%          3
 Conjure Flame            Conj/Fire      73%        6-21      1%          3
 Dazzling Flash           Conj/Hex       100%       N/A       1%          3
 Gell's Gravitas          Tloc           31%        N/A       1%          3
 Ignite Poison            Fire/Tmut/Pois 64%        N/A       1%          3
 Inner Flame              Hex/Fire       62%        N/A       1%          3
 Lesser Beckoning         Tloc           31%        N/A       1%          3
 Mephitic Cloud           Conj/Pois/Air  70%        N/A       1%          3
 Portal Projectile        Hex/Tloc       100%       N/A       1%          3
 Spider Form              Tmut/Pois      32%        N/A       1%          3
 Summon Guardian Golem    Hex/Summ       62%        N/A       1%          3
 Swiftness                Air            62%        N/A       1%          3
 Teleport Other           Tloc           62%        N/A       1%          3
 Tukima's Dance           Hex            62%        N/A       1%          3
 Vampiric Draining        Necr           31%        2d10      1%          3
 Animate Armour           Summ/Erth      100%       N/A       1%          4
 Fulminant Prism          Conj/Hex       36%        3d18      1%          4
 Iskenderun's Mystic Bla  Conj/Tloc      73%        2d15      1%          4
 Leda's Liquefaction      Hex/Erth       67%        N/A       1%          4
 Sticky Flame             Conj/Fire      73%        2d9       1%          4
 Statue Form              Tmut/Erth      91%        N/A       1%          6
 Ice Form                 Ice/Tmut       65%        N/A       3%          4
 Airstrike                Air            31%        N/A       4%          4
 Animate Dead             Necr           31%        N/A       4%          4
 Cause Fear               Hex            31%        N/A       4%          4
 Olgreb's Toxic Radiance  Pois           62%        N/A       4%          4
 Passage of Golubria      Tloc           N/A        N/A       4%          4
 Summon Ice Beast         Ice/Summ       62%        N/A       4%          4
 Summon Lightning Spire   Summ/Air       62%        N/A       4%          4
 Irradiate                Conj/Tmut      38%        3d26      4%          5
 Fireball                 Conj/Fire      36%        3d15      6%          5
 Lightning Bolt           Conj/Air       36%        1d54      6%          5
 Hydra Form               Tmut           34%        N/A       9%          5
 Alistair's Intoxication  Tmut/Pois      43%        N/A       11%         5
 Yara's Violent Unravell  Hex/Tmut       32%        3d13      11%         5
 Agony                    Necr           62%        N/A       13%         5
 Manifold Assault         Tloc           62%        N/A       13%         5
 Metabolic Englaciation   Hex/Ice        31%        N/A       13%         5
 Silence                  Hex/Air        31%        N/A       13%         5
 Summon Forest            Summ/Tloc      31%        N/A       13%         5
 Summon Mana Viper        Hex/Summ       62%        N/A       13%         5
 Starburst                Conj/Fire      36%        8x6d11    32%         6
 Freezing Cloud           Conj/Ice/Air   35%        6-21      38%         6
 Blade Hands              Tmut           34%        N/A       41%         6
 Eringya's Noxious Bog    Tmut/Pois      32%        N/A       50%         6
 Dispersal                Tloc           31%        N/A       56%         6
 Invisibility             Hex            31%        N/A       56%         6
 Shadow Creatures         Summ           N/A        N/A       56%         6
 Simulacrum               Ice/Necr       31%        N/A       56%         6
 Spellforged Servitor     Conj/Summ      36%        N/A       87%         7
 Dragon Form              Tmut           34%        N/A       94%         7
 Malign Gateway           Summ/Tloc      31%        N/A       98%         7
 Ozocubu's Refrigeration  Ice            31%        4d11      98%         7
 Summon Hydra             Summ           31%        N/A       98%         7
 Chain Lightning          Conj/Air       36%        N/A       100%        8
 Discord                  Hex            31%        N/A       100%        8
 Disjunction              Tloc           31%        N/A       100%        8
 Necromutation            Tmut/Necr      32%        N/A       100%        8
 Absolute Zero            Ice            31%        ∞         100%        9
 Dragon's Call            Summ           31%        N/A       100%        9
 Fire Storm               Conj/Fire      36%        8d9       100%        9


Dungeon Overview and Level Annotations

Branches:
Dungeon (15/15)            Temple (1/1) D:4            Lair (6/6) D:9
  Swamp (4/4) Lair:3        Snake (4/4) Lair:3        Slime (5/5) Lair:6
    Orc (2/2) D:10            Elf (3/3) Orc:2        Vaults (5/5) D:14
  Crypt (0/3) Vaults:3     Depths (5/5) D:15            Zot (1/5) Depths:5
 Bailey (visited)           IceCv (visited)         Desolation (visited)

Altars:
Ashenzari
Cheibriados
Dithmenos
Elyvilon
Fedhas
Gozag
Hepliaklqana
Kikubaaqudgha
Makhleb
Nemelex Xobeh
Okawaru
Qazlal
Ru
Sif Muna
Trog
Uskayaw
Vehumet
Wu Jian
Xom
Yredelemnul
Zin
The Shining One
Beogh
Jiyva

Shops:
D:2 [   D:4 =   D:7 =   Orc:1 ?   Orc:2 [?[(   Elf:1 =   Elf:3 [   Vaults:2 *
Vaults:4 *[?   Depths:2 *   Depths:4 (

Portals:
Hell: Depths:1 Depths:2 Depths:3 Depths:4 Depths:5
Abyss: Depths:4
Pandemonium: Depths:1 Depths:3
Ziggurat: Depths:3

Annotations:
Lair:2 1 runed translucent door, Glokmah's ghost, journeyman DjTm
Orc:1 1 runed translucent door, Zixoopuf's ghost, journeyman NaVM


Innate Abilities, Weirdness & Mutations

You have very sharp teeth.
You tend to lose your temper in combat.
You are clumsy. (Dex -2)
You are frail. (-10% HP)
You evolve.


Message History

Aim: a green draconian, wielding a +0 short sword (fast, umbra)
The thunderbolt hits the green draconian!
The green draconian is lightly wounded.
You hear a deafening roar! x2
The green draconian breathes poison at you.
The blast of poison engulfs you but does no damage.
You are poisoned.
You hear a deafening roar!
Casting: Lee's Rapid Deconstruction (safe; 0% risk of failure)
Confirm with . or Enter, or press ? or * to list all spells.
Aiming: Iron Shot (mildly dangerous; 1% risk of failure)
Press: ? - help, Shift-Dir - straight line, f/p - green draconian
Aim: a green draconian, wielding a +0 short sword (poison gas, lightly wounded, fast, catching its breath, umbra, 82% to hit)
You feel a strong surge of power!
The iron shot hits the green draconian!!!
The green draconian is severely wounded.
You are engulfed in poison gas.
You are lethally poisoned!
* * * LOW HITPOINT WARNING * * *
x2 You feel extremely sick.
You feel much better.
You are engulfed in poison gas.
You are lethally poisoned!
* * * LOW HITPOINT WARNING * * *
x2 You feel extremely sick.
The green draconian breathes poison at you.
The blast of poison engulfs you.
You are more poisoned.
* * * LOW HITPOINT WARNING * * *
Aiming: Corrosive Bolt
Press: ? - help, Shift-Dir - straight line, f/p - green draconian
Aim: a green draconian, wielding a +0 short sword (poison gas, severely wounded, fast, catching its breath, umbra, 71% to hit)
The bolt of acid misses the green draconian.
You are engulfed in poison gas.
You are more poisoned.
* * * LOW HITPOINT WARNING * * *
x2 You feel extremely sick.
You feel much better.
You are engulfed in poison gas.
You are more poisoned.
* * * LOW HITPOINT WARNING * * *
You die...

########### ##
#@d°°°[)).# #.
#########.# #.#
# ##.#.##..#.#
#...........
###...§§.....#
.#....§§§§§...#
......§§§§§...#
####...q§..§.>##
#..).§.......


You could see a green draconian (fast, catching breath).

Vanquished Creatures
  the Royal Jelly (Slime:5)
  2 dread liches
  Margery (Vaults:2)
  The ghost of Gilette the Metallomancer, an adept DrEE of Vehumet (Depths:1)
  Vashnia (Snake:3)
  5 golden dragons
  A Brimstone Fiend (Depths:2)
  3 liches
  2 deep elf blademasters (Elf:3)
  7 tentacled monstrosities
  A titan (shapeshifter) (Vaults:5)
  2 titans (Vaults:5)
  Asterion (Depths:1)
  2 deep elf master archers (Elf:3)
  8 sphinxes
  A quicksilver dragon (Zot:1)
  20 acid blobs
  A shadow dragon (shapeshifter) (Vaults:4)
  Agnes (Elf:1)
  5 thorn hunters
  7 tengu reavers
  9 fire giants
  17 rockslimes
  A storm dragon (Depths:4)
  7 shadow dragons
  11 nagarajas
  13 azure jellies
  8 deep elf sorcerers
  5 draconian monks
  A ghost moth (shapeshifter) (Vaults:3)
  Aizul (Snake:3)
  A ghost moth (Vaults:4)
  16 vault wardens
  9 frost giants
  2 orc warlords
  An iron dragon (Vaults:5)
  2 draconian scorchers
  4 balrugs
  3 imperial myrmidons (Desolation)
  A draconian shifter (Zot:1)
  2 deep elf elementalists (Elf:3)
  2 ghouls
  2 draconian stormcallers
  The ghost of Pegreged the Tainter, a journeyman OpVM of Sif Muna (Lair:5)
  A cacodemon (Depths:2)
  A war gargoyle (Vaults:2)
  13 quicksilver oozes
  26 very ugly things
  23 ironbound preservers
  28 stone giants
  4 vampire knights
  4 green draconians
  8 deep elf demonologists
  A black draconian (Vaults:4)
  8 deep elf annihilators
  5 yellow draconians
  3 entropy weavers
  9 dire elephants
  2 red draconians (Zot:1)
  A white draconian (Depths:5)
  7 spark wasps
  6 bunyips
  2 halazid warlocks (Desolation)
  3 purple draconians
  10 deep elf death magi
  2 merfolk javelineers (Depths:4)
  14 ettins
  13 crystal guardians
  6 eleionomae
  5 shambling mangroves
  A fire dragon (shapeshifter) (Depths:4)
  Josephine (Orc:2)
  9 fire dragons
  16 great orbs of eyes
  8 deep elf high priests
  14 yaktaur captains
  3 rakshasas
  A hell beast (Depths:2)
  6 ironbound thunderhulks
  12 servants of whispers (Desolation)
  10 ice dragons
  7 ragged hierophants (Desolation)
  6 salamander tyrants
  45 vault guards
  4 ironbound frosthearts
  7 peacekeepers (Desolation)
  3 boulder beetles
  13 naga warriors
  22 hydras
  2 spriggan air magi (Depths:2)
  16 centaur warriors
  2 ogre magi
  4 ghost crabs
  10 two-headed ogres
  7 anacondas
  A catoblepas (Zot:1)
  6 deep troll shamans
  6 death yaks
  24 dancing weapons
  5 alligators
  3 vampire magi
  8 tengu warriors
  14 deep troll earth magi
  6 spriggan berserkers
  14 deep elf knights
  A sun demon (Depths:5)
  16 hell knights
  26 naga sharpshooters
  8 shock serpents
  A soul eater (Depths:2)
  8 ironbound beastmasters
  19 spriggans
  A sixfirhy (Depths:2)
  9 iron trolls
  7 spriggan druids
  5 swamp dragons
  9 goliath frogs
  A swamp dragon (shapeshifter) (Vaults:5)
  2 spectral hydras (Swamp:4)
  2 shadow demons (Depths:2)
  7 naga ritualists
  65 deep trolls
  2 deep trolls (shapeshifter)
  4 glowing orange brains
  11 wizards
  8 flayed ghosts
  A torturous demonspawn (Depths:1)
  7 deep elf archers
  10 harpies
  24 ironbound convokers
  4 orc knights
  4 lindwurms
  7 bog bodies
  17 deep elf zephyrmancers
  An orange crystal statue (Depths:3)
  7 mana vipers
  5 will-o-the-wisps
  2 phantasmal warriors
  33 deep elf pyromancers
  A lindwurm (shapeshifter) (Elf:2)
  6 necromancers
  A faun (shapeshifter) (Depths:5)
  9 oklob plants
  5 orc sorcerers
  5 shining eyes
  2 wolf spiders (Lair:6)
  A sphinx skeleton (Vaults:4)
  28 salamanders
  5 cyclopes
  A manticore (D:14)
  62 ugly things
  2 elephants (shapeshifter)
  A moth of wrath (shapeshifter) (Vaults:4)
  A human zombie (Vaults:4)
  4 human skeletons (Vaults:3)
  4 moths of wrath
  8 eyes of devastation
  28 black mambas
  An ice statue (IceCv)
  4 guardian serpents
  24 naga magi
  5 elephants (Lair:6)
  19 vault sentinels
  2 smoke demons
  A water nymph (shapeshifter) (Vaults:5)
  25 cane toads
  2 gargoyles
  6 torpor snails
  8 unseen horrors
  2 orange demons (Depths:2)
  An efreet (D:14)
  3 rime drakes
  A yaktaur (shapeshifter) (Vaults:5)
  5 freezing wraiths
  8 komodo dragons
  A hellwing (Depths:2)
  A kobold demonologist (D:10)
  3 tengu conjurers
  A yaktaur zombie (Vaults:4)
  A red devil (Depths:2)
  34 yaktaurs
  2 ice devils (D:11)
  3 death drake zombies (Swamp:4)
  2 jumping spiders (Vaults:3)
  24 polar bears
  6 trolls
  A bloated husk (Swamp:2)
  A queen bee (Lair:2)
  3 hydra zombies (Swamp:4)
  20 hornets
  3 meliai (D:14)
  58 saltlings (Desolation)
  A queen bee (shapeshifter) (D:14)
  A tyrant leech (shapeshifter) (Vaults:3)
  A hydra skeleton (Swamp:4)
  13 blink frogs
  99 slime creatures
  3 raiju (Lair:6)
  10 tyrant leeches
  5 dream sheep (Lair:6)
  2 air elementals (Elf:1)
  8 redbacks
  A tarantella (shapeshifter) (Elf:3)
  2 centaur simulacra (D:15)
  Sigmund (D:2)
  2 tarantellas (Vaults:3)
  18 water elementals
  3 shadows
  2 fire elementals
  8 wraiths
  32 yaks
  11 wyverns
  12 golden eyes
  A hog (shapeshifter) (Elf:2)
  3 basilisks
  18 humans (D:14)
  2 fire bats (Depths:3)
  26 vampire mosquitoes
  A chaos spawn (Depths:2)
  A steam dragon (D:8)
  Grum (D:9)
  Menkaure (D:5)
  20 swamp worms
  8 wargs
  68 nagas
  2 acid dragons
  30 water moccasins
  11 hell hounds (Lair:6)
  4 hydra simulacra (Swamp:4)
  A water moccasin (shapeshifter) (Vaults:3)
  An ice beast (D:4)
  5 swamp drakes
  A floating eye (Depths:4)
  14 black bears
  29 orc warriors
  A swamp dragon zombie (Swamp:4)
  A sky beast (D:6)
  3 necrophages
  2 boggarts
  29 wolves
  7 ogres
  A phantom (D:6)
  17 centaurs
  14 bullfrogs
  3 scorpions
  2 earth elementals
  A water moccasin skeleton (D:7)
  27 killer bees
  5 wights (D:9)
  2 electric eels
  9 howler monkeys
  7 centaur zombies
  A bullfrog skeleton (D:7)
  5 jellies
  Crazy Yiuf (D:5)
  17 orc priests
  2 centaur skeletons
  A gnoll shaman (D:5)
  4 iguanas
  24 orc wizards
  A statue (D:13)
  2 killer bee zombies
  2 howler monkey zombies
  7 gnolls
  7 adders
  2 white imps
  2 worms (D:2)
  2 dart slugs (D:1)
  78 orcs
  5 bats
  6 endoplasms
  4 giant cockroaches
  13 goblins
  A hobgoblin (D:2)
  10 jackals
  2 quokkas
  6 ball pythons
  A frilled lizard (D:2)
  26 kobolds
  6 rats
  2 plants
2356 creatures vanquished.

Vanquished Creatures (collateral kills)
  An anaconda (Snake:4)
  A naga mage (Snake:4)
  A black mamba (Snake:4)
  A molten gargoyle (Desolation)
  A polar bear (IceCv)
  A wind drake (shapeshifter) (D:14)
  A blink frog (Lair:6)
  A yak (D:8)
  2 orcs (D:3)
10 creatures vanquished.

Vanquished Creatures (others)
  An acid dragon (D:8)
  A polar bear (IceCv)
  A bloated husk (Swamp:1)
  4 yaks
  A hell hound (Lair:6)
  A wolf (IceCv)
  A killer bee (Lair:2)
  An orc (Orc:2)
  6 bushes
  2 foxfires (Swamp:2)
  65 fungi
  136 plants
  2 withered plants (Lair:2)
222 creatures vanquished.

Grand Total: 2588 creatures vanquished

Notes
Turn   | Place    | Note
-------+----------+-------------------------------------------
     0 | D:1      | Johnny the Deep Elf Earth Elementalist began the quest for
                  | the Orb.
     0 | D:1      | Reached XP level 1. HP: 10/10 MP: 6/6
   318 | D:1      | Reached XP level 2. HP: 15/16 MP: 2/8
   385 | D:1      | Reached skill level 1 in Fighting
   748 | D:1      | Reached XP level 3. HP: 17/20 MP: 8/10
   912 | D:1      | Found a faded altar of an unknown god.
  1190 | D:2      | Found Togeomp's Armour Shop.
  1881 | D:2      | Noticed Sigmund
  1892 | D:2      | HP: 1/21 [Sigmund/+0 scythe (8)]
  1897 | D:2      | Killed Sigmund
  1898 | D:2      | Reached skill level 4 in Spellcasting
  1898 | D:2      | Reached XP level 4. HP: 9/28 MP: 7/12
  1898 | D:2      | Reached XP level 5. HP: 10/32 MP: 8/14
  2188 | D:3      | Found a blossoming altar of Fedhas.
  2249 | D:3      | Found an opulent altar of Gozag.
  2363 | D:3      | Reached XP level 6. HP: 37/37 MP: 10/15
  2497 | D:3      | Identified the Grimoire of Enchanting Ice
  3043 | D:3      | Learned a level 3 spell: Stone Arrow
  3338 | D:4      | Reached skill level 5 in Spellcasting
  3375 | D:4      | Found Lepuhuif's Jewellery Shop.
  3476 | D:4      | Found a staircase to the Ecumenical Temple.
  3476 | D:4      | Noticed an ice beast
  3521 | D:4      | Killed an ice beast
  3522 | D:4      | Reached skill level 1 in Shields
  3522 | D:4      | Reached skill level 5 in Earth Magic
  3640 | Temple   | Entered the Ecumenical Temple
  3792 | Temple   | Became a worshipper of Dithmenos the Shadowed
  4096 | D:4      | Reached XP level 7. HP: 42/42 MP: 17/17
  4269 | D:4      | Found a hazy altar of Hepliaklqana.
  4291 | D:5      | Entered Level 5 of the Dungeon
  4597 | D:5      | Found a white marble altar of Elyvilon.
  4695 | D:5      | Noticed Menkaure
  4701 | D:5      | Killed Menkaure
  4702 | D:5      | Reached skill level 6 in Spellcasting
  5093 | D:5      | You fall into a shaft and drop 2 floors!
  5105 | D:7      | Reached XP level 8. HP: 48/48 MP: 12/19
  5156 | D:7      | Found Ereep's Jewellery Emporium.
  5174 | D:7      | Reached skill level 5 in Fighting
  5441 | D:7      | Reached skill level 7 in Spellcasting
  5465 | D:7      | Reached * piety under Dithmenos
  5924 | D:6      | Found a burning altar of Makhleb.
  6040 | D:6      | Found a shimmering blue altar of Sif Muna.
  6070 | D:6      | Reached XP level 9. HP: 55/55 MP: 12/22
  7059 | D:5      | Found a runed translucent door.
  7060 | D:5      | Noticed Crazy Yiuf
  7066 | D:5      | Killed Crazy Yiuf
  7205 | D:8      | Noticed a two-headed ogre
  7211 | D:8      | Killed a two-headed ogre
  7212 | D:8      | Reached skill level 8 in Spellcasting
  7362 | D:8      | Reached skill level 9 in Spellcasting
  7378 | D:8      | Learned a level 5 spell: Lee's Rapid Deconstruction
  7383 | D:8      | Learned a level 4 spell: Petrify
  7550 | D:8      | Reached XP level 10. HP: 64/64 MP: 25/25
  7903 | D:8      | Found a stormy altar of Qazlal.
  8015 | D:9      | Noticed an eight-headed hydra
  8020 | D:9      | Killed an eight-headed hydra
  8021 | D:9      | Reached skill level 5 in Shields
  8026 | D:9      | Noticed a two-headed ogre
  8043 | D:9      | Reached ** piety under Dithmenos
  8045 | D:9      | Killed a two-headed ogre
  8421 | D:9      | Reached skill level 10 in Spellcasting
  8463 | D:9      | Found a staircase to the Lair.
  9190 | D:9      | Noticed Grum
  9200 | D:9      | Killed Grum
  9201 | D:9      | Reached XP level 11. HP: 68/71 MP: 9/27
  9597 | D:9      | Found a hide-covered altar of Uskayaw.
  9991 | D:10     | Entered Level 10 of the Dungeon
 10109 | D:10     | Noticed a two-headed ogre
 10116 | D:10     | Killed a two-headed ogre
 10246 | D:10     | Found a basalt altar of Yredelemnul.
 10382 | D:10     | Found a staircase to the Orcish Mines.
 10811 | D:10     | Found a glowing golden altar of the Shining One.
 10811 | D:10     | Found a broken altar of Ashenzari.
 11096 | D:10     | Noticed a two-headed ogre
 11101 | D:10     | Killed a two-headed ogre
 11102 | D:10     | Reached skill level 11 in Spellcasting
 11805 | D:11     | Reached *** piety under Dithmenos
 11806 | D:11     | Reached skill level 10 in Fighting
 11813 | D:11     | Found a frozen archway.
 11822 | IceCv    | Entered an ice cave
 11990 | IceCv    | Reached skill level 10 in Earth Magic
 12511 | IceCv    | Reached XP level 12. HP: 48/78 MP: 1/29
 12976 | IceCv    | Identified the +5 great mace "Xourphemi" {flame, Int+2}
 12976 | IceCv    | Noticed a frost giant
 13640 | D:11     | Noticed a centaur warrior
 13648 | D:11     | Killed a centaur warrior
 13649 | D:11     | Reached skill level 12 in Spellcasting
 14078 | D:11     | Reached **** piety under Dithmenos
 14538 | D:2      | Bought a +0 pair of gloves of strength for 115 gold pieces
 14673 | Lair:1   | Entered Level 1 of the Lair of Beasts
 14793 | Lair:1   | You fall into a shaft and drop 1 floor!
 15207 | Lair:1   | Found a stormy altar of Qazlal.
 15469 | Lair:1   | Noticed a six-headed hydra
 15478 | Lair:1   | Killed a six-headed hydra
 16539 | Lair:2   | Identified the +0 leather armour of the Ditch-Digger {-Tele
                  | Int+4 Stlth+}
 17035 | Lair:2   | Reached skill level 13 in Spellcasting
 17038 | Lair:2   | Reached XP level 13. HP: 83/85 MP: 11/32
 17523 | Lair:2   | Found a runed translucent door.
 17523 | Lair:2   | Noticed Glokmah's ghost (journeyman DjTm)
 17747 | Lair:3   | Found a staircase to the Snake Pit.
 18308 | Lair:3   | Found a staircase to the Swamp.
 18315 | Lair:3   | Reached ***** piety under Dithmenos
 18632 | Snake:1  | Entered Level 1 of the Snake Pit
 20398 | Lair:5   | Found a runed translucent door.
 20399 | Lair:5   | Noticed Pegreged's ghost (journeyman OpVM)
 20402 | Lair:5   | Identified the +7 trident "Ebbyixky" {venom, rPois rN+
                  | Str+3}
 20711 | Lair:5   | You fall into a shaft and drop 1 floor!
 20711 | Lair:6   | Entered Level 6 of the Lair of Beasts
 21128 | Lair:6   | Reached skill level 14 in Spellcasting
 21680 | Lair:6   | Reached XP level 14. HP: 54/92 MP: 6/34
 21799 | Lair:6   | Found a snail-covered altar of Cheibriados.
 22625 | Lair:6   | Reached ****** piety under Dithmenos
 23554 | Lair:5   | Killed Pegreged's ghost
 24220 | Lair:6   | Reached skill level 15 in Spellcasting
 24926 | Lair:6   | Reached skill level 10 in Shields
 25362 | Lair:6   | Found a viscous altar of Jiyva.
 25362 | Lair:6   | Found a staircase to the Slime Pits.
 25882 | Orc:1    | Entered Level 1 of the Orcish Mines
 25947 | Orc:1    | Found a flagged portal.
 25955 | Bailey   | Entered a bailey
 25985 | Bailey   | Noticed an orc warlord
 26167 | Bailey   | Found a runed translucent gate.
 26167 | Bailey   | Found a runed translucent gate.
 26180 | Bailey   | Found a runed translucent gate.
 26354 | Bailey   | Killed an orc warlord
 26371 | Bailey   | Identified the +8 glaive of Wounding {drain, +Blink rF+
                  | Str+5}
 27018 | Orc:1    | Found a runed translucent door.
 27021 | Orc:1    | Noticed Zixoopuf's ghost (journeyman NaVM)
 27146 | Orc:2    | Entered Level 2 of the Orcish Mines
 27371 | Orc:1    | Found Lomipsent's Magic Scroll Shop.
 27403 | Orc:1    | Bought a scroll of identify for 30 gold pieces
 27403 | Orc:1    | Bought a scroll of identify for 30 gold pieces
 27403 | Orc:1    | Bought a scroll of fog for 30 gold pieces
 27403 | Orc:1    | Bought a scroll of fog for 30 gold pieces
 27403 | Orc:1    | Bought a scroll of immolation for 52 gold pieces
 27403 | Orc:1    | Bought a scroll of fog for 30 gold pieces
 27403 | Orc:1    | Bought a scroll of enchant armour for 112 gold pieces
 27403 | Orc:1    | Bought a scroll of enchant armour for 112 gold pieces
 27403 | Orc:1    | Identified a scroll of acquirement
 27409 | Orc:1    | Acquired the Compendium of the Shifting Rocks
 27419 | Orc:1    | Learned a level 5 spell: Borgnjor's Vile Clutch
 27429 | Orc:1    | Learned a level 9 spell: Shatter
 27456 | Orc:2    | Reached XP level 15. HP: 94/100 MP: 25/36
 27538 | Orc:2    | Found Qaxkipn's Magic Scroll Shoppe.
 27554 | Orc:2    | Bought a scroll of teleportation for 45 gold pieces
 27554 | Orc:2    | Bought a scroll of blinking for 112 gold pieces
 27554 | Orc:2    | Bought a scroll of holy word for 112 gold pieces
 27554 | Orc:2    | Bought a scroll of enchant armour for 112 gold pieces
 27554 | Orc:2    | Bought a scroll of teleportation for 45 gold pieces
 27554 | Orc:2    | Bought a scroll of magic mapping for 52 gold pieces
 27554 | Orc:2    | Bought a scroll of identify for 30 gold pieces
 27554 | Orc:2    | Bought a scroll of teleportation for 45 gold pieces
 27685 | Orc:2    | Noticed Josephine
 27688 | Orc:2    | Killed Josephine
 27774 | Orc:2    | Found a staircase to the Elven Halls.
 28010 | Orc:2    | Noticed an orc warlord
 28452 | Orc:2    | Found Roaleecsu's Antique Armour Shop.
 28502 | Orc:2    | Bought a transparent robe for 153 gold pieces
 28502 | Orc:2    | Identified the +3 robe of Kasch {Dex+4} (You bought it in a
                  | shop on level 2 of the Orcish Mines)
 28718 | Orc:2    | Found Roqatunn's Antique Armour Boutique.
 28746 | Orc:2    | Found Emosaqeci's Antique Weapon Shop.
 28763 | Orc:2    | Bought a transparent chain mail for 304 gold pieces
 28763 | Orc:2    | Identified the +5 chain mail of Generosity {Will+} (You
                  | bought it in a shop on level 2 of the Orcish Mines)
 28763 | Orc:2    | Bought a glowing helmet for 240 gold pieces
 28811 | Orc:2    | Killed an orc warlord
 29808 | D:12     | Found a portal to a secret trove of treasure.
 31087 | D:13     | Found a radiant altar of Vehumet.
 31445 | D:13     | Acquired 1102 gold pieces
 32115 | D:7      | Bought the amulet "Usumnile" {RegenMP +Blink rC++ Str-4
                  | Dex+2} for 744 gold pieces
 32696 | D:14     | Reached skill level 16 in Spellcasting
 33144 | D:14     | Found a gate to the Vaults.
 33198 | D:14     | Identified the +4 plate armour "Yhack" {Regen+}
 33416 | D:14     | Reached skill level 15 in Fighting
 33614 | D:14     | Reached skill level 15 in Earth Magic
 33614 | D:14     | Reached XP level 16. HP: 108/108 MP: 38/38
 33930 | D:15     | Entered Level 15 of the Dungeon
 33972 | D:15     | Found a burning altar of Makhleb.
 34004 | D:15     | Reached XP level 17. HP: 87/113 MP: 4/39
 34224 | D:15     | Found a sparkling altar of Nemelex Xobeh.
 34602 | D:15     | Found a staircase to the Depths.
 34927 | Elf:1    | Entered Level 1 of the Elven Halls
 35057 | D:12     | Identified the +1 robe of a Billion Bounties {Harm rC-
                  | rN+++ Dex-2}
 35649 | Elf:1    | Found Poiviuh's Jewellery Shop.
 35663 | Elf:1    | Bought the ring "Pagegges" {rN+ Will+ EV+4} for 686 gold
                  | pieces
 35858 | Elf:1    | Reached skill level 17 in Spellcasting
 35895 | Elf:1    | Noticed Agnes
 35900 | Elf:1    | Killed Agnes
 35985 | Elf:1    | Identified the +1 ring mail of the Other Side {Will+ Str+3}
 36825 | Elf:1    | Found a shimmering blue altar of Sif Muna.
 36996 | Elf:2    | Identified the +1 leather armour of Orthodoxy {rF+ Regen+}
 37127 | Elf:2    | Found a runed translucent gate.
 37127 | Elf:2    | Found a runed translucent gate.
 37128 | Elf:2    | Found a runed translucent gate.
 38190 | Elf:3    | Entered Level 3 of the Elven Halls
 38333 | Elf:3    | Found Oceah's Armour Shop.
 38387 | Elf:3    | Noticed a deep elf blademaster
 38389 | Elf:3    | Reached skill level 18 in Spellcasting
 38389 | Elf:3    | Killed a deep elf blademaster
 38390 | Elf:3    | Reached XP level 18. HP: 122/122 MP: 22/42
 38541 | Elf:3    | Identified the +10 halberd "Ziosue" {drain, SInv}
 38594 | Elf:3    | Identified the +7 dire flail "Xocyez" {protect, Fly rPois
                  | rF+}
 38647 | Elf:3    | Identified the +4 morningstar "Xuched" {vorpal, Str-5
                  | Dex+4}
 38730 | Elf:3    | Acquired 307 gold pieces
 38813 | Elf:3    | Identified the ring "Famu" {Fly rF+ Int-2 Dex+3 Slay+3}
 38936 | Elf:3    | Identified the +0 chain mail "Ithoax" {Will+}
 38974 | Elf:3    | Identified the +6 longbow "Dyilitit" {vorpal, rElec rN+++
                  | rCorr Dex-2}
 39025 | Elf:3    | Identified the +2 ring mail of Zievac {rElec MP-9 Int+6
                  | SInv}
 39029 | Elf:3    | Identified the +0 ring mail of the Moon {Int+3}
 40759 | Snake:2  | Reached skill level 19 in Spellcasting
 40922 | Snake:2  | Learned a level 6 spell: Iron Shot
 40943 | Snake:2  | Found a basalt altar of Yredelemnul.
 41952 | Snake:3  | Reached XP level 19. HP: 130/130 MP: 27/44
 42130 | Snake:3  | Noticed Aizul
 42133 | Snake:3  | Killed Aizul
 42510 | Snake:3  | Noticed Vashnia
 42528 | Snake:3  | Killed Vashnia
 42997 | Snake:4  | Entered Level 4 of the Snake Pit
 43195 | Snake:4  | Found a gateway to a bazaar.
 43231 | Bazaar   | Entered a bazaar
 43301 | Bazaar   | Found Gixtianoq's Weapon Boutique.
 43305 | Bazaar   | Found Suoclua's Magic Scroll Boutique.
 43305 | Bazaar   | Found Piajenle's Jewellery Boutique.
 43306 | Bazaar   | Found Xuoczer's Book Boutique.
 43329 | Bazaar   | Bought a scroll of enchant armour for 60 gold pieces
 43329 | Bazaar   | Bought a scroll of enchant armour for 60 gold pieces
 43329 | Bazaar   | Bought a scroll of magic mapping for 28 gold pieces
 43329 | Bazaar   | Bought a scroll of fog for 16 gold pieces
 43329 | Bazaar   | Bought a scroll of teleportation for 24 gold pieces
 43329 | Bazaar   | Bought a scroll of identify for 16 gold pieces
 43329 | Bazaar   | Bought a scroll of identify for 16 gold pieces
 43329 | Bazaar   | Bought a scroll of identify for 16 gold pieces
 43329 | Bazaar   | Bought a scroll of identify for 16 gold pieces
 44465 | Snake:4  | Reached skill level 20 in Spellcasting
 45911 | Snake:4  | Got a serpentine rune of Zot
 46261 | Swamp:1  | Entered Level 1 of the Swamp
 46933 | Swamp:1  | Reached XP level 20. HP: 137/137 MP: 24/46
 48198 | Swamp:3  | Identified the +0 leather armour "Liffig" {Str-3 Dex+4
                  | Stlth+}
 49274 | Swamp:3  | Identified the +4 ring mail of the Fiddle {Int+4}
 49501 | Swamp:4  | Entered Level 4 of the Swamp
 50978 | Swamp:4  | Reached skill level 21 in Spellcasting
 51042 | Swamp:4  | Found a blossoming altar of Fedhas.
 51214 | Swamp:4  | Found a basalt altar of Yredelemnul.
 51268 | Swamp:4  | Got a decaying rune of Zot
 52223 | Vaults:1 | Entered Level 1 of the Vaults
 52776 | Vaults:1 | You fall into a shaft and drop 1 floor!
 53321 | Vaults:2 | Found Juikh's Assorted Antiques.
 53329 | Vaults:2 | Bought a potion of curing for 72 gold pieces
 53329 | Vaults:2 | Bought a spiked helmet for 228 gold pieces
 53329 | Vaults:2 | Identified the +2 helmet of the Solstice {rC+ rCorr} (You
                  | bought it in a shop on level 2 of the Vaults)
 53329 | Vaults:2 | Bought a scroll of enchant armour for 180 gold pieces
 53474 | Vaults:2 | Reached XP level 21. HP: 143/143 MP: 42/48
 53592 | Vaults:2 | Noticed Margery
 53597 | Vaults:2 | Killed Margery
 54665 | Vaults:2 | Reached skill level 22 in Spellcasting
 57086 | Vaults:3 | Found a ruined gateway.
 57097 | Desolati | Entered the Desolation of Salt
 57671 | Desolati | Identified the amulet "Bufuenuhau" {rN++ Regen+ Dex+2}
 57832 | Desolati | Reached XP level 22. HP: 131/148 MP: 0/50
 57955 | Desolati | Identified the ring of Greed {MP+9 Dex+3}
 57958 | Desolati | Identified the +2 morningstar of Beogh's Supremacy {vamp,
                  | Dex+2}
 57969 | Desolati | Identified the ring of the Establishment {rPois Stlth+}
 58097 | Desolati | Identified Sif Muna's Papyrus of Quantum Creation
 58107 | Desolati | Identified the Collected Works on Creative Feathers
 58109 | Desolati | Reached skill level 23 in Spellcasting
 60540 | Vaults:3 | Found a staircase to the Crypt.
 60887 | Vaults:3 | Identified the Volume of Toxins and Transmutation
 60893 | Vaults:3 | Noticed a dread lich
 60894 | Vaults:3 | Killed a dread lich
 61036 | Vaults:3 | Noticed a golden dragon
 61040 | Vaults:3 | Killed a golden dragon
 61054 | Vaults:3 | Reached skill level 24 in Spellcasting
 61264 | Vaults:3 | Identified the Disquisition on the Nocuous Volcanoes
 61936 | Vaults:4 | Reached XP level 23. HP: 141/153 MP: 19/53
 62060 | Vaults:4 | Found Lusirchor's Magic Scroll Shop.
 62075 | Vaults:4 | Bought a scroll of fear for 49 gold pieces
 62075 | Vaults:4 | Bought a scroll of magic mapping for 49 gold pieces
 62075 | Vaults:4 | Bought a scroll of enchant armour for 105 gold pieces
 62075 | Vaults:4 | Bought 3 scrolls of vulnerability for 315 gold pieces
 62075 | Vaults:4 | Bought a scroll of vulnerability for 105 gold pieces
 62380 | Vaults:5 | Entered Level 5 of the Vaults
 62380 | Vaults:5 | Noticed a dread lich
 62383 | Vaults:5 | Killed a dread lich
 62387 | Vaults:5 | Reached skill level 25 in Spellcasting
 62962 | Vaults:4 | Reached skill level 15 in Shields
 63392 | Vaults:4 | Found Amymeira's Assorted Antiques.
 63397 | Vaults:4 | Bought a scroll labelled GIGRAL SANO for 47 gold pieces
 63397 | Vaults:4 | Bought a scroll of fear for 164 gold pieces
 63397 | Vaults:4 | Bought a scroll of fog for 94 gold pieces
 63430 | Vaults:4 | Found Sawnuis's Armour Emporium.
 64016 | Vaults:4 | Identified the Compendium of Warped Conjuration
 64952 | Vaults:5 | Reached skill level 1 in Invocations
 65097 | Vaults:5 | Identified the ring "Souneun" {rN+ AC+4}
 65102 | Vaults:5 | Reached skill level 26 in Spellcasting
 65238 | Vaults:5 | Reached skill level 5 in Stealth
 65238 | Vaults:5 | Reached XP level 24. HP: 159/160 MP: 47/55
 65526 | Vaults:5 | Reached skill level 5 in Invocations
 66033 | Vaults:5 | Identified the +1 pair of boots of Wosuluf {rF+}
 66316 | Vaults:5 | Identified the Compendium of Flamy Moulding
 66551 | Vaults:5 | Identified the +1 leather armour of Sepekene {-Cast rElec
                  | Dex+3 Stlth+}
 66596 | Vaults:5 | Got a silver rune of Zot
 66856 | Vaults:5 | Identified the Almanac of Floating Blows and Bruises
 67101 | Vaults:5 | Identified the +1 ring mail "Opnoucut" {rF+ rCorr SInv
                  | Stlth+}
 67584 | Slime:1  | Entered Level 1 of the Pits of Slime
 69014 | Slime:3  | Gained mutation: You have very sharp teeth. [a shining eye]
 69297 | Slime:3  | Gained mutation: You are dopey. (Int -2) [a shining eye]
 69856 | Slime:3  | Reached skill level 10 in Stealth
 70528 | Slime:4  | Gained mutation: Potions are less effective at restoring
                  | your health. [a shining eye]
 71122 | Slime:5  | Entered Level 5 of the Pits of Slime
 71310 | Slime:5  | Reached XP level 25. HP: 164/164 MP: 35/55
 71469 | Slime:5  | Reached skill level 27 in Spellcasting
 71492 | Slime:5  | Noticed the Royal Jelly
 71502 | Slime:5  | Killed the Royal Jelly
 72389 | Slime:5  | Identified Sec Fiorgh's Tome of Sinister Companions
 72405 | Slime:5  | Identified the ring "Bepohack" {rElec rN+ rCorr MP-9}
 72417 | Slime:5  | Identified the amulet of the Death Scarab {RegenMP rF+ rN+}
 72459 | Slime:5  | Identified the +3 hand axe "Earthworm" {vorpal, rF+ Str+6}
 72489 | Slime:5  | Identified the Catalogue of Calling
 72516 | Slime:5  | Got a slimy rune of Zot
 72517 | Slime:5  | Identified the +4 hunting sling "Qeipoqah" {freeze, Str+4
                  | Int+2 Dex-5}
 72524 | Slime:5  | Identified the +7 ring mail of Gehenna {Slay+3 SInv}
 72549 | Slime:5  | Reached skill level 10 in Invocations
 73148 | D:12     | Learned a level 2 spell: Blink
 73151 | D:12     | Learned a level 2 spell: Sublimation of Blood
 73157 | D:12     | Learned a level 5 spell: Bolt of Magma
 73268 | Depths:1 | Entered Level 1 of the Depths
 73289 | Depths:1 | Noticed Asterion
 73291 | Depths:1 | Killed Asterion
 73292 | Depths:1 | Found a one-way gate leading to the halls of Pandemonium.
 73605 | Depths:1 | Lost mutation: You are dopey. (Int -2) [potion of mutation]
 73605 | Depths:1 | Gained mutation: You sometimes lose the ability to read
                  | scrolls when taking damage. [potion of mutation]
 73605 | Depths:1 | Gained mutation: You are partially covered in iridescent
                  | scales. (AC +2) [potion of mutation]
 73605 | Depths:1 | Gained mutation: You evolve. [potion of mutation]
 73606 | Depths:1 | Lost mutation: You evolve. [potion of mutation]
 73606 | Depths:1 | Lost mutation: You are partially covered in iridescent
                  | scales. (AC +2) [potion of mutation]
 73606 | Depths:1 | Gained mutation: You are occasionally teleported next to
                  | monsters. [potion of mutation]
 73607 | Depths:1 | Lost mutation: You sometimes lose the ability to read
                  | scrolls when taking damage. [potion of mutation]
 73607 | Depths:1 | Lost mutation: You are occasionally teleported next to
                  | monsters. [potion of mutation]
 73607 | Depths:1 | Lost mutation: You have very sharp teeth. [potion of
                  | mutation]
 73607 | Depths:1 | Gained mutation: Your magical capacity is low. (-10% MP)
                  | [potion of mutation]
 73607 | Depths:1 | Gained mutation: You tend to lose your temper in combat.
                  | [potion of mutation]
 73607 | Depths:1 | Gained mutation: You have very sharp teeth. [potion of
                  | mutation]
 73608 | Depths:1 | Lost mutation: Your magical capacity is low. (-10% MP)
                  | [potion of mutation]
 73608 | Depths:1 | Gained mutation: You have a pair of small horns on your
                  | head. [potion of mutation]
 73608 | Depths:1 | Gained mutation: Your mind is acute. (Int +2) [potion of
                  | mutation]
 73609 | Depths:1 | Lost mutation: You have a pair of small horns on your head.
                  | [potion of mutation]
 73609 | Depths:1 | Gained mutation: Your magical capacity is low. (-10% MP)
                  | [potion of mutation]
 73609 | Depths:1 | Lost mutation: Your magical capacity is low. (-10% MP)
                  | [potion of mutation]
 73621 | Depths:1 | Lost mutation: Your mind is acute. (Int +2) [potion of
                  | mutation]
 73621 | Depths:1 | Lost mutation: Potions are less effective at restoring your
                  | health. [potion of mutation]
 73621 | Depths:1 | Gained mutation: You are clumsy. (Dex -2) [potion of
                  | mutation]
 73621 | Depths:1 | Gained mutation: You often lose your temper in combat.
                  | [potion of mutation]
 73621 | Depths:1 | Lost mutation: You often lose your temper in combat.
                  | [potion of mutation]
 73621 | Depths:1 | Gained mutation: You evolve. [potion of mutation]
 73708 | Depths:1 | Found a gateway to Hell.
 74470 | Depths:2 | Found a runed translucent gate.
 74470 | Depths:2 | Noticed Gilette's ghost (adept DrEE)
 74470 | Depths:2 | Found a runed translucent gate.
 74470 | Depths:2 | Found a runed translucent gate.
 74485 | Depths:1 | Killed Gilette's ghost
 74754 | Depths:2 | Gained mutation: You are frail. (-10% HP) [evolution]
 74792 | Depths:2 | Identified the +3 scale mail "Cellaxt" {Rampage Int+5}
 74849 | Depths:2 | Found Paenuesky's General Store.
 74858 | Depths:2 | Bought a scroll of teleportation for 39 gold pieces
 74858 | Depths:2 | Bought a scroll of teleportation for 39 gold pieces
 74858 | Depths:2 | Bought a potion of mutation for 104 gold pieces
 74858 | Depths:2 | Bought a scroll of immolation for 45 gold pieces
 76120 | Depths:2 | HP: 6/151 [spark wasp (13)]
 76595 | Depths:2 | Reached XP level 26. HP: 130/155 MP: 39/56
 77049 | D:12     | You paid a toll of 16 potions of curing to enter a treasure
                  | trove
 77050 | Trove    | Entered a treasure trove
 77063 | Trove    | Identified Sif Muna's Catalogue of Confrontation
 77079 | Trove    | Identified the Reference Book on Freezing Earth
 77101 | Trove    | Identified Sif Muna's Volume of Changing
 77110 | Trove    | Identified Sif Muna's Catalogue of Scorching Curses
 78123 | Depths:3 | Found a gateway to a ziggurat.
 78750 | Depths:3 | Found a shimmering blue altar of Sif Muna.
 79578 | Depths:4 | Found Foilim's Weapon Shop.
 79805 | Depths:4 | Found a one-way gate to the infinite horrors of the Abyss.
 80145 | Depths:4 | Found a glowing golden altar of the Shining One.
 80232 | Depths:4 | Reached skill level 15 in Stealth
 81141 | Depths:5 | Entered Level 5 of the Depths
 81426 | Depths:5 | Learned a level 8 spell: Lehudib's Crystal Spear
 81636 | Depths:5 | Reached skill level 1 in Conjurations
 82752 | Depths:5 | Found a gate to the Realm of Zot.
 83140 | Zot:1    | Entered Level 1 of the Realm of Zot
 83780 | Zot:1    | Reached skill level 15 in Invocations
 83780 | Zot:1    | Reached XP level 27. HP: 55/162 MP: 33/56
 83824 | Zot:1    | HP: 4/162 [poisoned by a green draconian (poison gas)]
 83825 | Zot:1    | Succumbed to a green draconian's poison gas

Illustrated notes

Levels and vault maps discovered:
D:1:      dpeg_arrival_pits, layout_basic,
          hellmonk_ecumenical_altar_inner_sanctum, st_stairs_7,
          hangedman_decor_clover_reticule
D:2:      layout_basic, serial_shops, nicolae_shop_stone, uniq_sigmund
D:3:      layout_basic, fedhas_altar_2, grunt_gozag_statues
D:4:      layout_loops_cross, nzn_hepliaklqana_mist_gate,
          minmay_temple_entry_fiery, minmay_shop_enchanted_jewellery
D:5:      layout_loops_cross, lemuel_round_altar, serial_bayou_pond_d,
          uniq_menkaure, uniq_crazy_yiuf_cottage
D:6:      layout_basic, grunt_temple_overflow_open, minmay_hedge_maze
D:7:      layout_basic, serial_shops, shop
D:8:      layout_rooms, marbit_many_paths
D:9:      layout_layer_cave, lemuel_coloured_pillars_altar,
          minmay_lair_entry_grove, serial_park_tiny_pond, uniq_grum
D:10:     layout_loops_ring, gammafunk_temple_overflow_pools,
          yredelemnul_altar_generic, orc_0_dummy, corexii_checkpoint_a,
          minmay_misc_feat_x
D:11:     layout_irregular_city, portal_ice_cave_demonic_guard
D:12:     layout_irregular_city, nicolae_trove_entry_diagonal,
          serial_column_ruins, column_ruins_hut, column_ruins_hut,
          column_ruins_grid_2, column_ruins_columns_corner,
          column_ruins_open_large, column_ruins_corridor_corner,
          minmay_fountain_box
D:13:     layout_gridville, vehumet_statue
D:14:     layout_irregular_city, grunt_vaults_entry_tiered, minivault_11
D:15:     grunt_enter_depths_snipers, layout_rooms,
          nemelex_xobeh_ov_fountains_minmay, bloody_makhleb
Temple:   jpeg_temple_clearing
Lair:1:   layout_cave_pods, basic_altar
Lair:2:   layout_concentric_octagons, special_room [special_room_bee],
          gammafunk_ghost_grave, chequers_serial_rivers_small_b,
          serial_bayou_pond_b, lemuel_fruit_tree, serial_bayou_shore_b,
          minmay_lair_oklob_chamber
Lair:3:   layout_chaotic_city, minmay_swamp_entry_swarm, dummy_snake_entry
Lair:4:   layout_misc_corridors
Lair:5:   layout_cave_pods, ebering_ghost_funeral_grove, grunt_megastairs_4,
          serial_bayou_shore_b, infiniplex_staircase_pool_2
Lair:6:   hangedman_lair_caniforms_friends, layout_regular_city,
          hangedman_lair_tendril_chambers, dpeg_slime_entry_enclosed_altar,
          kennysheep_snail_temple, serial_bayou_shore_a
Swamp:1:  layout_basic_swamp, serial_swamp_ruin, evilmike_swamp_ruin_house_3,
          evilmike_swamp_ruin_house_6, evilmike_swamp_ruin_rubble_1
Swamp:2:  nicolae_swamp_tree_isthmus, layout_basic_swamp,
          evilmike_swamp_ruin_house_1
Swamp:3:  nicolae_swamp_phyte_club, layout_falls_marsh,
          infiniplex_staircase_pool
Swamp:4:  byrel_swamp_growth_death_and_undeath, layout_basic_swamp, swamp_pool4,
          worms_lemuel
Snake:1:  layout_rooms, grunt_megastairs_3
Snake:2:  layout_onion_interference, basic_altar
Snake:3:  layout_cave_town, uniq_vashnia, uniq_aizul
Snake:4:  grunt_snake_rune_spirals, layout_onion_interference, serial_shops,
          bzr_entry_water
Slime:1:  layout_caves
Slime:2:  cheibrodos_slime_lost_civilization_10, layout_caves,
          nicolae_slime_round_cave
Slime:3:  layout_caves, cheibrodos_slime_lost_civilization_5
Slime:4:  layout_caves
Slime:5
Orc:1:    layout_diamond_mine, serial_shops, shop_scrolls,
          ebering_ghost_inner_flame, enter_bailey_2
Orc:2:    grunt_orc_community_town_hall, layout_caves,
          grunt_orc_community_big_house_1, grunt_orc_community_big_house_1,
          grunt_orc_community_house_3, grunt_orc_community_house_3,
          grunt_orc_community_house_2, grunt_orc_community_house_1,
          grunt_orc_community_house_2, grunt_orc_community_house_3, basic_altar,
          uniq_josephine
Elf:1:    layout_loops_corners, serial_shops, shop,
          kennysheep_underground_church, grunt_megastairs_2,
          lemuel_upstairs_altar, uniq_agnes
Elf:2:    layout_geoelf_octagon
Elf:3:    grunt_elf_hall_spiral, layout_geoelf_diagonals, serial_shops, shop,
          billiards_dpeg
Vaults:1: nicolae_vaults_circle_grid_b, vaults_room_pool,
          nicolae_vaults_three_branches, ontoclasm_vaults_spin, v_misc_24,
          nicolae_vaults_ring_of_whatevers, vaults_room_fours,
          hangedman_vaults_capsules, layout_vaults_omnigrid
Vaults:2: kb_rosetta, vaults_room_large_hall, nicolae_vaults_circle_grid_b,
          v_misc_9, nicolae_vaults_little_squares_6, grunt_vaults_twisty,
          nicolae_vaults_little_squares_5, ontoclasm_vaults_misaligned,
          nicolae_vaults_little_squares_3, nicolae_vaults_shelves_hall,
          vaults_dpeg_cross, nicolae_vaults_little_ls, ontoclasm_vaults_gateway,
          layout_vaults_ring, serial_shops, shop, uniq_margery
Vaults:3: st_greater_box_2, v_misc_1, v_misc_9, minmay_crypt_entry_simple_box,
          nicolae_vaults_diagonal_hallway_6, vaults_standard_mumra_lines,
          ontoclasm_vaults_fault, nicolae_vaults_specimen_jars,
          vaults_room_boxed, layout_vaults_omnicross,
          portal_desolation_entry_nicolae_slug
Vaults:4: nicolae_vaults_rhombus_7, hangedman_vaults_slither,
          grunt_vaults_bifocal, nicolae_vaults_alarming, v_pattern_1, v_misc_33,
          st_greater_box_1, nicolae_vaults_little_squares_2,
          nicolae_vaults_mini_display_case, layout_vaults_omnibox, serial_shops,
          nicolae_shop_waterfront, shop_statue, shop
Vaults:5: serial_shops
Depths:1: layout_cave_pools, hell_entry, minmay_misc_feat_encased,
          rand_demon_pan_entry_5, roderic_three_in_a_row,
          minmay_fractal_squares_gapless_7, uniq_asterion
Depths:2: minmay_box_of_statues, layout_gridlike,
          biasface_ghost_demon_polymorph, pf_coc_iceberg, serial_shops, shop,
          chequers_serial_rivers_small_b
Depths:3: minmay_crystal_thing, layout_cave_pools, enter_ziggurat_d,
          serial_sigils, serial_sigils_hangedman_carve,
          serial_sigils_hangedman_scratch, serial_sigils_hangedman_leer,
          serial_sigils_hangedman_gut, serial_sigils_hangedman_writhe,
          grunt_hell_entry_dis_mu, pan_entry
Depths:4: kennysheep_four_of_diamonds, layout_basic, abyss_entry_glasseish,
          serial_shops, shop, tso_altar, pf_dread_powers_of_hell
Depths:5: grunt_zot_entry_hairpin, layout_cave_shapes, serial_bayou_ford_a,
          lightli_too_deep, serial_glass, glass_columns_c, glass_columns_b,
          due_unseen_surprise, minmay_strange_pillars, item_on_display_b
Zot:1:    regret_index_qazlal_generations, layout_basic

Skill      XL: |  1  2  3  4  5  6  7  8  9 10 11 12 13 14 15 16 17 18 19 20 21 22 23 24 25 26 |
---------------+-------------------------------------------------------------------------------+-----
Fighting       | 1 3 4 6 7 9 10 11 12 14 15 16 17 18 19 20 | 20.8
Spellcasting   | 4 5 6 7 9 10 11 13 14 15 16 18 19 20 21 22 24 26 27 | 27.0
Earth Magic    | 4 5 6 7 9 10 11 12 13 15 16 17 18 21 22 | 22.7
Shields        | 1 2 3 4 5 7 8 9 10 11 12 14 15 16 17 18 | 18.1
Stealth        | 5 10 13 15 | 15.9
Invocations    | 3 8 11 15 | 15.1
Conjurations   | 3 |  3.9
Dodging        | |  2.4
Transmutations | |  1.1

Action                   |  1- 3 |  4- 6 |  7- 9 | 10-12 | 13-15 | 16-18 | 19-21 | 22-24 | 25-27 || total
-------------------------+-------+-------+-------+-------+-------+-------+-------+-------+-------++-------
Melee: Unarmed           |    15 |     6 |       |       |       |       |       |       |       ||    21
       Whip              |       |    42 |   137 |   145 |       |       |       |       |       ||   324
       Staff             |       |       |       |     3 |   101 |     3 |    13 |    20 |     9 ||   149
       Bite              |       |       |       |       |       |       |       |       |     1 ||     1
 Cast: Sandblast         |    66 |    34 |    39 |    72 |   360 |    60 |   114 |    48 |    41 ||   834
       Stone Arrow       |       |     4 |    48 |   177 |   380 |   185 |    30 |    23 |     7 ||   854
       Lee's Rapid Decon |       |       |       |    51 |   120 |   171 |   118 |    89 |    64 ||   613
       Petrify           |       |       |       |     7 |    13 |     3 |       |     6 |       ||    29
       Iron Shot         |       |       |       |       |       |    45 |   559 |   276 |   303 ||  1183
       Shatter           |       |       |       |       |       |       |       |    72 |    37 ||   109
       Bolt of Magma     |       |       |       |       |       |       |       |       |     4 ||     4
       Blink             |       |       |       |       |       |       |       |       |     6 ||     6
 Abil: Evoke Blink       |       |       |       |       |       |       |    10 |     3 |     3 ||    16
Evoke: Wand              |       |     1 |     6 |    11 |    66 |    22 |    15 |     4 |    21 ||   146
       Condenser vane    |       |       |       |       |       |       |     5 |     1 |     2 ||     8
       Box of beasts     |       |       |       |       |       |       |     2 |     1 |       ||     3
       Tin of tremorston |       |       |       |       |       |       |     2 |     2 |       ||     4
       Lightning rod     |       |       |       |       |       |       |       |       |     6 ||     6
       Piece from Xom's  |       |       |       |       |       |       |       |       |     5 ||     5
  Use: Potion            |     3 |       |       |       |     3 |       |     8 |     6 |    11 ||    31
       Scroll            |       |       |     5 |     9 |    25 |     4 |    16 |     4 |     5 ||    68
 Stab: Sleeping          |     1 |     4 |     8 |     4 |       |       |       |       |     1 ||    18
       Paralysed         |       |       |       |       |     7 |       |       |       |       ||     7
       Distracted        |       |       |       |       |       |       |     1 |     1 |       ||     2
Armor: Robe              |     3 |       |       |       |    94 |       |    57 |    68 |    60 ||   282
       Leather armour    |     5 |    24 |    92 |   161 |   125 |    17 |    34 |       |       ||   458
       Skin              |       |       |       |       |     6 |       |       |       |       ||     6
       Troll leather arm |       |       |       |       |    46 |    34 |       |       |       ||    80
Dodge: Dodged            |    38 |    36 |   146 |   371 |   579 |   102 |   210 |   118 |   101 ||  1701
Block: Buckler           |       |       |       |       |       |    29 |   110 |    26 |       ||   165
       Kite shield       |       |       |       |       |       |       |       |    79 |   125 ||   204

Table legend: (Time is in decaauts)
 A = Elapsed time spent in this place.
 B = Non-inter-level travel time spent in this place.
 C = Inter-level travel time spent in this place.
 D = Time resting spent in this place.
 E = Time spent auto-exploring this place.
 F = Levels seen in this place.
 G = Mean time per level.
                   A        B        C        D        E       F      G
               +--------+--------+--------+--------+--------+-----+--------+
         Total |  84360 |  79472 |   4888 |  25653 |  41236 |  56 | 1506.4 |
       Dungeon |  19324 |  16933 |   2391 |   1721 |  12927 |  15 | 1288.3 |
        Temple |    166 |    124 |     42 |      0 |    122 |   1 |  166.0 |
          Lair |  11804 |  11025 |    779 |   2832 |   6698 |   6 | 1967.3 |
         Swamp |   6010 |   5824 |    186 |   2606 |   2311 |   4 | 1502.5 |
     Snake Pit |   6115 |   5995 |    120 |   2607 |   2023 |   4 | 1528.8 |
    Slime Pits |   5341 |   5155 |    186 |   2240 |   2116 |   5 | 1068.2 |
  Orcish Mines |   3176 |   2847 |    329 |    818 |   1409 |   2 | 1588.0 |
   Elven Halls |   4503 |   4315 |    188 |   1073 |   2326 |   3 | 1501.0 |
        Vaults |  13564 |  13125 |    439 |   6197 |   5243 |   5 | 2712.8 |
        Depths |   9573 |   9350 |    223 |   3447 |   4742 |   5 | 1914.6 |
           Zot |    684 |    684 |      0 |    464 |    116 |   1 |  684.0 |
        Bazaar |    102 |    102 |      0 |     10 |     84 |   1 |  102.0 |
         Trove |     86 |     86 |      0 |      0 |      0 |   1 |   86.0 |
        Bailey |    612 |    612 |      0 |     92 |    319 |   1 |  612.0 |
      Ice Cave |   1790 |   1790 |      0 |    758 |    498 |   1 | 1790.0 |
    Desolation |   1502 |   1502 |      0 |    788 |    300 |   1 | 1502.0 |
               +--------+--------+--------+--------+--------+-----+--------+

Top non-repeatable levels by time:
  Lair:6: 4291 daAuts
Vaults:4: 3828 daAuts
Vaults:3: 3461 daAuts
Depths:2: 3156 daAuts
 Snake:4: 2801 daAuts
Vaults:1: 2541 daAuts
Vaults:2: 2262 daAuts
 Swamp:4: 2250 daAuts
     D:9: 2239 daAuts
   Orc:2: 2207 daAuts
  Lair:5: 2040 daAuts
Depths:5: 2003 daAuts
  Lair:2: 1981 daAuts
    D:10: 1921 daAuts
   IceCv: 1790 daAuts
